Map: Lerilak Crest

Players

KaZyK

  • Race: Terran Terran
  • League: Bronze

BUZZBOMB - Winner!

  • Race: Terran Terran
  • League: Silver

VOD

Have the link to the VOD?

Description

Time

  • Played on: Feb. 22, 2016, 8:08 p.m.
  • Length: 22:07
Show
View Real Time Build Order
Export as new Build Order

KaZyK Terran 

Build Orders: MMM Bio 

Get SALT Encoding   

  12  0:02  SCV  
  13  0:14  SCV  
  14  0:22  Supply Depot  
  14  0:26  SCV  
  15  0:44  SCV  
  15  0:46  Barracks  
  15  0:49  Refinery  
  16  0:56  SCV  
  17  1:05  Supply Depot  
  18  1:11  SCV  
  18  1:21  Refinery  
  18  1:23  SCV  
  19  1:35  SCV  
  20  1:40  Reaper  
  21  1:50  Barracks  
  21  1:54  Orbital Command  
  21  2:16  Engineering Bay  
  21  2:17  Marine, Engineering Bay  
  22  2:36  Barracks Tech Lab  
  22  2:37  Barracks Reactor  
  22  2:43  Factory  
  22  2:45  SCV  
  22  2:51  Terran Infantry Armor Level 1  
  23  2:57  SCV, Terran Infantry Weapons Level 1  
  24  3:09  SCV  
  24  3:20  Stimpack  
  24  3:22  Marine x2  
  24  3:23  Marine  
  27  3:32  Starport  
  27  3:40  Factory Reactor, Marine x3  
  30  4:02  Command Center  
  30  4:11  Marine  
  31  4:19  Supply Depot  
  31  4:27  Supply Depot  
  31  4:38  Supply Depot  
  31  4:40  Marine x3  
  34  4:54  Factory Reactor  
  34  4:58  Marine x3  
  34  4:59  Medivac x2  
  41  5:07  Supply Depot  
  41  5:16  Marine  
  41  5:18  Marine  
  41  5:19  Marine  
  41  5:21  Combat Shields  
  44  5:32  Armory  
  44  5:33  Marine, Orbital Command  
  45  5:36  Marine x2  
  47  5:51  Marine  
  47  5:54  Marine x2  
  50  5:59  SCV  
  51  6:09  Marine  
  53  6:11  SCV  
  53  6:12  Marine x2  
  55  6:23  SCV  
  56  6:50  Marine x3  
  51  7:08  Marine x3  
  46  7:16  Medivac x2  
  46  7:20  Terran Infantry Weapons Level 2  
  46  7:21  Terran Infantry Armor Level 2  
  50  7:24  SCV  
  50  7:25  Marine  
  50  7:26  Marine x2  
  54  7:33  Supply Depot  
  54  7:35  Supply Depot  
  54  7:36  SCV  
  55  7:38  Supply Depot  
  55  7:42  Supply Depot  
  55  7:43  Marine x3  
  58  7:48  SCV  
  59  8:00  SCV  
  59  8:01  Marine  
  61  8:08  Barracks  
  61  8:09  Barracks  
  61  8:11  Barracks  
  61  8:12  Barracks, SCV  
  52  9:16  Barracks Reactor x3  
  52  9:26  Concussive Shells  
  52  9:29  Barracks Tech Lab  
  48  9:32  Marine x3  
  47  9:42  Medivac x2  
  51  9:50  Marine x3  
  51  9:51  Supply Depot x2  
  51  9:52  Supply Depot x2  
  54  9:55  Supply Depot, Terran Infantry Weapons Level 3, Terran Infantry Armor Level 3  
  54  10:00  Refinery  
  54  10:02  Refinery  
  54  10:08  Marine x3  
  54  10:13  Command Center  
  57  10:15  Marine x2  
  57  10:16  Marine x4  
  57  10:17  Marine  
  64  10:25  Marine  
  64  10:26  Marine x2  
  67  10:36  Marine  
  67  10:37  Marine x6  
  74  10:43  Marine x2  
  74  10:44  Marine  
  77  10:54  Marine x3  
  77  10:55  Marine x2  
  82  10:59  Marine x2  
  82  11:01  Marine x2  
  82  11:02  Marine  
  87  11:12  Marine x4  
  78  12:08  Marauder x2  
  58  12:49  Starport  
  58  12:50  Planetary Fortress, Refinery  
  58  12:52  Starport  
  58  12:53  Starport  
  58  13:17  Refinery  
  58  13:36  SCV  
  59  13:42  Starport Tech Lab  
  59  13:43  Starport Tech Lab x2  
  59  13:48  SCV  
  60  14:03  Banshee x3  
  64  14:46  Banshee x3  
  73  15:00  Fusion Core  
  72  15:28  Banshee  
  72  15:29  Banshee  
  72  15:32  Cloaking Field  
  81  15:49  Command Center  
  81  15:53  Command Center  
  78  16:12  Battlecruiser x3  
  74  16:57  Refinery x2  
  67  17:16  Battlecruiser x2  
  67  17:21  Marine x3  
  67  17:22  Marine x7  
  74  17:39  Marine x4  
  74  17:40  Marine x6  
  81  17:57  Marine x5  
  81  17:58  Marine x3  
  84  18:22  Battlecruiser  
  84  18:23  Battlecruiser  
  81  18:57  Orbital Command  
  81  18:58  Orbital Command  
  81  19:04  SCV  
  82  19:17  SCV  
  83  19:29  SCV  
  81  19:37  Factory Tech Lab  
  80  19:41  SCV  
  80  19:45  Marine x2  
  78  19:53  SCV  
  73  20:10  Viking x2  
  73  20:11  Viking  
  79  20:15  Siege Tank  
  81  20:48  Siege Tank  
Show
View Real Time Build Order
Export as new Build Order

BUZZBOMB Terran - Winner!

Build Orders:  

Get SALT Encoding   

  12  0:02  SCV  
  13  0:17  Supply Depot  
  13  0:20  SCV  
  14  0:32  SCV  
  15  0:42  Barracks  
  15  0:45  SCV  
  16  0:56  Barracks  
  16  0:59  SCV  
  17  1:11  SCV  
  18  1:35  Command Center  
  18  1:38  Marine  
  19  1:44  Marine  
  20  1:52  Supply Depot  
  20  2:03  SCV  
  20  2:05  Barracks  
  20  2:06  Marine  
  22  2:10  Marine  
  23  2:20  Supply Depot  
  23  2:21  SCV  
  24  2:23  Marine  
  24  2:28  Marine  
  26  2:35  Refinery  
  26  2:36  SCV  
  27  2:41  Marine  
  28  2:46  Marine  
  29  2:52  SCV  
  29  2:58  SCV  
  31  2:59  Refinery  
  31  3:09  Engineering Bay  
  31  3:26  Orbital Command  
  31  3:29  Marine x3  
  34  3:42  Factory  
  34  3:46  SCV  
  35  3:58  SCV  
  35  4:00  Barracks Reactor  
  36  4:08  Barracks Tech Lab  
  36  4:10  SCV  
  36  4:16  Supply Depot  
  37  4:24  SCV, Factory  
  38  4:36  SCV  
  39  4:40  Factory Tech Lab  
  39  4:43  Stimpack  
  39  4:49  SCV  
  40  5:01  SCV  
  40  5:04  Siege Tank  
  44  5:08  Widow Mine  
  44  5:11  Marine x2  
  44  5:13  SCV  
  49  5:15  Marauder  
  51  5:23  Refinery  
  51  5:31  SCV  
  51  5:32  Command Center  
  52  5:35  Marine  
  52  5:36  Widow Mine, Marine  
  52  5:37  Marauder  
  58  5:43  SCV  
  59  5:52  Siege Tank  
  62  6:09  Planetary Fortress  
  62  6:19  Missile Turret  
  62  6:20  Missile Turret  
  62  6:23  Missile Turret  
  62  6:26  Missile Turret  
  46  7:13  Factory Tech Lab  
  44  7:23  Command Center  
  44  7:30  Refinery  
  44  7:35  Missile Turret  
  44  7:38  Missile Turret  
  44  7:39  Missile Turret  
  44  7:42  Command Center  
  44  7:46  Marauder  
  44  7:47  Marine  
  47  7:55  Terran Infantry Weapons Level 1  
  47  8:18  Supply Depot  
  47  8:19  Supply Depot  
  47  8:21  Supply Depot  
  44  8:52  Planetary Fortress  
  43  9:27  Barracks Reactor  
  35  9:44  Missile Turret x2  
  35  9:45  Starport  
  35  9:48  SCV  
  35  9:52  Starport  
  36  9:53  SCV  
  36  9:54  Starport  
  36  9:57  Hi-Sec Auto Tracking  
  36  9:58  Widow Mine  
  39  10:00  SCV  
  39  10:04  SCV  
  39  10:05  SCV  
  42  10:13  SCV  
  43  10:17  SCV  
  44  10:27  Widow Mine  
  46  10:28  Starport Tech Lab  
  46  10:29  SCV  
  46  10:30  SCV  
  46  10:31  Starport Tech Lab  
  46  10:33  Starport Tech Lab  
  48  10:41  SCV  
  48  10:42  SCV  
  50  10:44  SCV  
  51  10:53  SCV  
  51  10:54  Building Armor  
  51  10:55  Widow Mine  
  51  10:56  SCV  
  55  11:01  Marine x2  
  57  11:08  Planetary Fortress, SCV  
  58  11:19  Marine  
  59  11:30  Widow Mine  
  61  11:36  SCV  
  50  11:48  SCV  
  51  11:58  Widow Mine  
  51  12:00  SCV  
  53  12:13  SCV  
  54  12:17  Starport Tech Lab x3  
  54  12:24  SCV  
  54  12:25  Starport x2, SCV  
  50  12:33  Barracks  
  50  12:34  Barracks  
  50  12:36  SCV  
  51  12:37  SCV  
  51  12:41  SCV  
  53  12:48  SCV  
  54  12:51  Barracks  
  54  12:52  Cloaking Field  
  54  12:54  Banshee  
  54  12:55  Banshee  
  60  13:01  Refinery, SCV  
  60  13:05  Starport Tech Lab  
  61  13:06  Missile Turret  
  61  13:13  SCV  
  62  13:21  Barracks  
  62  13:24  Refinery, Barracks  
  62  13:29  Marine  
  62  13:30  Marine  
  64  13:36  Banshee  
  67  13:43  SCV  
  67  13:44  Refinery  
  67  13:47  Marine  
  69  13:55  Supply Depot  
  69  13:57  Supply Depot  
  69  13:59  Supply Depot  
  69  14:16  Marine x2, Banshee x2  
  77  14:18  SCV, Banshee  
  77  14:20  Marine x2  
  83  14:30  Supply Depot  
  83  14:32  Supply Depot x2  
  83  14:34  Marine x2  
  83  14:38  Marine  
  77  14:52  Missile Turret  
  77  14:53  Missile Turret  
  77  14:55  Missile Turret  
  77  14:59  Barracks Reactor x2  
  77  15:00  Barracks Reactor  
  76  15:12  Barracks Reactor  
  76  15:13  Missile Turret  
  76  15:17  Missile Turret  
  76  15:20  Missile Turret  
  76  15:21  Reaper  
  76  15:22  Missile Turret  
  76  15:29  Barracks  
  76  15:30  Liberator  
  76  15:32  Missile Turret, SCV  
  76  15:34  Missile Turret  
  77  15:36  Banshee  
  77  15:37  Missile Turret  
  80  15:44  SCV  
  80  15:49  Banshee  
  84  15:51  SCV  
  84  15:53  Command Center, Reaper  
  89  16:03  SCV  
  90  16:04  Marine x2  
  90  16:05  Marine x6  
  90  16:10  Terran Infantry Armor Level 1  
  98  16:15  SCV  
  99  16:22  Marine x4  
  99  16:23  Marine x4  
  107  16:26  Reaper  
  107  16:27  Combat Shields  
  94  16:58  Reaper  
  95  17:06  Marine  
  95  17:07  Marine x7  
  100  17:24  Marine x3  
  100  17:25  Marine x3  
  102  17:33  Missile Turret  
  102  17:34  Missile Turret x2  
  102  17:38  Missile Turret x2  
  102  17:39  Missile Turret  
  91  18:02  Planetary Fortress  
  88  18:07  Missile Turret  
  82  18:27  Missile Turret  
  74  18:35  Marine x4  
  74  18:36  Marine x4  
  78  18:45  Viking  
  78  18:46  Missile Turret, Viking x3  
  78  18:47  Missile Turret x2  
  86  18:48  Missile Turret  
  86  18:50  Missile Turret x2  
  86  18:53  Marine x5  
  86  18:54  Marine  
  92  19:01  SCV  
  92  19:02  Barracks  
  93  19:04  SCV  
  93  19:05  Barracks  
  94  19:10  Missile Turret  
  94  19:11  Concussive Shells  
  94  19:13  SCV  
  94  19:15  Viking  
  94  19:16  SCV, Neosteel Frame, Viking  
  100  19:25  SCV  
  100  19:28  SCV  
  102  19:35  Marine  
  102  19:36  Marine x6  
  102  19:37  Marine  
  107  19:40  SCV  
  108  19:52  SCV  
  109  19:53  Marine x2  
  107  20:18  Marine  
  107  20:19  Marine x5  
  113  20:21  Viking x2  
  113  20:22  Viking  
  113  20:43  Barracks Reactor x2  
  113  20:51  Viking x2  
  113  20:52  Viking  
  113  20:55  Missile Turret  
  117  20:58  Missile Turret  
  117  21:03  Factory  
  101  21:21  Viking  
  101  21:31  Marine x6  
  101  21:32  Marine x2  
  105  21:48  Marine  
Tags
 
Composition
MMM Bio
Matchup
TvT
Race
Terran
Add a new tag
Caveats
  • Supply blocks, unpowered buildings, or Contaminate may cause inaccurate times.
  • Supply counts are checked every 10 seconds.